 Dungeon Crawl Stone Soup version 0.22.1-2-g9c5b331383 (webtiles) character file.

185 krautrogue the Skirmisher (level 5, -3/48 HPs)
             Began as a Minotaur Berserker on Dec 11, 2018.
             Was a Priest of Trog.
             Slain by TerraDOOM's ghost (6 damage)
             ... on level 3 of the Dungeon.
             The game lasted 00:06:06 (3652 turns).

krautrogue the Skirmisher (Minotaur Berserker)      Turns: 3652, Time: 00:06:07

Health: -3/48      AC:  3    Str: 22    XL:     5   Next: 37%
Magic:  4/4        EV: 12    Int:  4    God:    Trog [***...]
Gold:   148        SH:  0    Dex: 10    Spells: 4/4 levels left

rFire    . . .     SeeInvis .   a - +0 hand axe
rCold    . . .     Gourm    .   (no shield)
rNeg     . . .     Faith    .   d - +0 leather armour (curse)
rPois    .         Spirit   .   (helmet restricted)
rElec    .         Reflect  .   (no cloak)
rCorr    .         Harm     .   (no gloves)
MR       .....                  (no boots)
Stlth    +.........             (no amulet)
HPRegen  0.16/turn              (no ring)
MPRegen  0.09/turn              (no ring)

@: starving
A: retaliatory headbutt, horns 2
a: Berserk, Trog's Hand, Renounce Religion


You were on level 3 of the Dungeon.
You worshipped Trog.
Trog was most pleased with you.
You were starving.

You visited 1 branch of the dungeon, and saw 3 of its levels.

You collected 148 gold pieces.

Inventory:

Hand Weapons
 a - a +0 hand axe (weapon)
Missiles
 i - 18 poisoned needles
Armour
 b - a +0 animal skin
 d - a cursed +0 leather armour (worn)
 j - a +0 plate armour
 r - a cursed +0 large shield
Scrolls
 e - a scroll of teleportation {unknown}
 f - a scroll of enchant weapon {unknown}
 l - 3 scrolls of immolation {unknown}
 o - a scroll of identify {unknown}
 p - a scroll of amnesia {unknown}
 u - 3 scrolls of fog {unknown}
 w - a scroll of remove curse {unknown}
Potions
 g - 2 potions of invisibility {unknown}
 h - a potion of heal wounds {unknown}
 k - 2 potions of might {unknown}
 m - 2 potions of lignification {unknown}
 q - a potion of flight {unknown}
 s - 2 potions of curing {unknown}
 t - a potion of ambrosia {unknown}
 v - a potion of mutation {unknown}
Comestibles
 c - 2 rations


   Skills:
 + Level 5.1 Fighting
 + Level 5.1 Axes
 + Level 3.5 Armour
 + Level 3.2 Dodging
 + Level 0.2 Stealth


You had 4 spell levels left.
You didn't know any spells.
Your spell library was empty.

Dungeon Overview and Level Annotations

Branches:
Dungeon (3/15)

Altars:

Annotations:
D:3 TerraDOOM's ghost, weakling MiBe


Innate Abilities, Weirdness & Mutations

You reflexively headbutt those who attack you in melee.
You have a pair of horns on your head.


Message History

You headbutt TerraDOOM's ghost, but do no damage.
TerraDOOM's ghost is heavily damaged.
TerraDOOM's ghost hits you!
* * * LOW HITPOINT WARNING * * *
There is a stone staircase leading up here.
TerraDOOM's ghost closely misses you. You furiously retaliate!
You headbutt TerraDOOM's ghost, but do no damage.
You climb upwards.
There is a stone staircase leading down here.
TerraDOOM's ghost hits you!
* * * LOW HITPOINT WARNING * * *
There is an escape hatch in the floor here.
TerraDOOM's ghost hits you.
* * * LOW HITPOINT WARNING * * *
You slide downwards.
The hatch slams shut behind you.
There is a stone staircase leading up here.
As you read the scroll labeled SOATYICENI, it crumbles to dust.
You assume a fearsome visage.
TerraDOOM's ghost is unaffected.
It was a scroll of fear.
TerraDOOM's ghost hits you.
You die...

.....#.####..# #..##.###
'#####.#####.### ########.[##.# #
.# #......... ..........##.###
'### ########.###########.###....
...##########..........##.###....
.............#.#.#####....).'....
.............#.#.....####.###....
.............+..W### #.# ####
.............#..@..# # #.#
...................#.# #.#
.....................####'###
'##..........##...###.......#
.##..........+......+.......#####
.##..........###...##............
.##..............#.##.......[####
.#####+###########..#........#...
.# ###+###### ##.#####+##.#...


You could see TerraDOOM's ghost.

Vanquished Creatures
  A scorpion (D:3)
  4 adders
  An ooze (D:1)
  3 worms
  2 dart slugs
  3 orcs (D:3)
  7 bats
  5 giant cockroaches
  8 goblins
  11 hobgoblins
  9 jackals
  4 frilled lizards
  7 kobolds
  11 rats
76 creatures vanquished.

Notes
Turn   | Place    | Note
-------+----------+-------------------------------------------
     0 | D:1      | krautrogue the Minotaur Berserker began the quest for the
                  | Orb.
     0 | D:1      | Reached XP level 1. HP: 19/19 MP: 0/0
   189 | D:1      | Reached XP level 2. HP: 24/27 MP: 1/1
  1044 | D:1      | Reached XP level 3. HP: 33/33 MP: 2/2
  1121 | D:1      | Reached ** piety under Trog
  1885 | D:2      | Reached XP level 4. HP: 40/41 MP: 3/3
  2942 | D:3      | Reached *** piety under Trog
  3036 | D:3      | Reached skill level 5 in Fighting
  3036 | D:3      | Reached skill level 5 in Axes
  3036 | D:3      | Reached XP level 5. HP: 29/48 MP: 4/4
  3595 | D:3      | Found a runed gate.
  3595 | D:3      | Found a runed gate.
  3595 | D:3      | Found a runed gate.
  3601 | D:3      | Noticed TerraDOOM's ghost (weakling MiBe)
  3652 | D:3      | Slain by TerraDOOM's ghost

Skill      XL: |  1  2  3  4 |
---------------+-------------+-----
Fighting       | 4 5 |  5.1
Axes           | 4 5 |  5.1
Armour         | 3 |  3.5
Dodging        | 3 |  3.2
Stealth        | |  0.2

Action                   |  1- 3 |  4- 6 || total
-------------------------+-------+-------++-------
Melee: Hand axe          |   100 |    90 ||   190
       Headbutt          |    11 |    18 ||    29
Invok: Trog's Hand       |       |     1 ||     1
  Use: Scroll            |       |     1 ||     1
  Eat: Chunk             |     3 |     4 ||     7
Armor: Leather armour    |    20 |     7 ||    27
       Animal skin       |     1 |       ||     1
Dodge: Dodged            |    61 |    56 ||   117
